 Dungeon Crawl Stone Soup version 0.27-a0-1200-g94dc6ad4cf (webtiles) character file.

Game seed: 10085424492952790944

168 deadmanwalking the Twirler (level 5, -6/38 HPs)
             Began as a Djinni Gladiator on June 1, 2021.
             Was a Follower of Dithmenos.
             Mangled by a gnoll
             ... wielding a +3 flail
              (9 damage)
             ... on level 2 of the Dungeon.
             The game lasted 00:04:10 (2461 turns).

deadmanwalking the Twirler (Djinni Gladiator)       Turns: 2461, Time: 00:04:11

Health: -6/38      AC:  4    Str: 13    XL:     5   Next: 77%
Gold:   79         EV: 12    Int: 10    God:    Dithmenos [*.....] SH:  0 Dex: 15

rFire    + + .     SeeInvis .   a - +0 quarterstaff
rCold    x . .     Faith    .   (shield currently unavailable)
rNeg     . . .     Spirit   .   b - +0 leather armour
rPois    ∞         Reflect  .   c - +0 helmet
rElec    .         Harm     .   (no cloak)
rCorr    .         Rampage  .   (no gloves)
Will     .....                  (boots unavailable)
Stlth    +.........             (no amulet)
HPRegen  0.12/turn              (no ring)
MPRegen  0.00/turn              (no ring)

@: flying, wreathed by umbra
A: sickness immunity, fire resistance 2, cold vulnerability 1, float, innate
caster, hp casting, extra vitality 1
a: Renounce Religion


You were on level 2 of the Dungeon.
You worshipped Dithmenos.
Dithmenos was aware of your devotion.
You visited 1 branch of the dungeon, and saw 2 of its levels.

You collected 79 gold pieces.

Inventory:

Hand Weapons
 a - a +0 quarterstaff (weapon)
Missiles
 d - 3 throwing nets (quivered)
 i - 61 stones
Armour
 b - a +0 leather armour (worn)
 c - a +0 helmet (worn)
Magical Staves
 g - a staff of cold
Scrolls
 e - a scroll of vulnerability
 f - a scroll of magic mapping {unknown}
 h - a scroll of teleportation {unknown}
Potions
 j - 2 potions of mutation


   Skills:
 - Level 2.0 Fighting
 * Level 4.9 Staves
 - Level 1.5 Throwing
 - Level 3.2 Dodging
 + Level 1.6 Spellcasting
 + Level 0.1 Invocations


You had 4 spell levels left.
You knew the following spells:

 Your Spells              Type           Power      Damage    Failure   Level
a - Freeze                Ice            16%        1d4       22%         1
b - Blink                 Tloc           N/A        N/A       32%         2
Your spell library was empty.

Dungeon Overview and Level Annotations

Branches:
Dungeon (2/15)

Altars:
Dithmenos


Innate Abilities, Weirdness & Mutations

You are immune to sickness and miasma.
You are immune to poison.
Your flesh is very heat resistant. (rF++)
You are vulnerable to cold. (rC-)
You float through the air rather than walking.
You learn spells naturally, not from books.
Your magical power is your life essence.
You have superior vitality. (+4 HP)


Message History

h - a scroll labelled OSUTZI WEIMMAX
Found a stone staircase leading up.
A gnoll comes into view. It is wielding a +3 flail.
The gnoll shouts!
A gnoll comes into view. It is wielding a +0 spear.
A gnoll comes into view. It is wielding a +0 halberd.
The gnoll shouts!
The gnoll shouts!
A gnoll opens the door.
The gnoll closely misses you.
There is an open door here.
The gnoll hits you with a +0 spear.
You thump the gnoll!
The gnoll is heavily wounded.
The gnoll closely misses you.
You hit the gnoll.
The gnoll is severely wounded.
The gnoll hits you with a +0 spear!
You hit the gnoll but do no damage.
The gnoll is severely wounded.
The gnoll hits you with a +0 spear.
You hit the gnoll.
You kill the gnoll!
Dithmenos accepts your kill.
You sock the gnoll!
The gnoll is heavily wounded.
The gnoll hits you with a +3 flail!
* * * LOW HITPOINT WARNING * * *
The gnoll barely misses you.
You closely miss the gnoll.
The gnoll is heavily wounded.
The gnoll misses you.
The gnoll hits you from afar with a +0 halberd.
* * * LOW HITPOINT WARNING * * *
The gnoll barely misses you. The gnoll closely misses you.
The gnoll hits you from afar with a +0 halberd.
* * * LOW HITPOINT WARNING * * *
The gnoll hits you with a +3 flail!
You die...

...##.....#.#..................##
..........#.####...............##
.............# #...............##
.............# #...............##
.............###.................
..............##.................
.##.##......)....####............
#.≈.≈.#.......gg.####............
..≈.≈..#........@..##............
≈≈≈.≈≈≈≈#..........##....†.#.####
≈.≈≈≈.≈..#.........##.....##.....
.≈≈_≈≈...#.+#......####..........
.≈≈.≈≈...#..#......# #.......###
.≈.≈.≈...#..#......####.......# #
≈.≈.≈.≈..#..###....##.#.......###
.≈...≈.≈#.....#....##.####.......
≈.....≈...............# #....###


You could see 2 gnolls.

Vanquished Creatures
  Natasha (thrice) (D:2)
  A gnoll (D:2)
  2 adders (D:2)
  A worm (D:2)
  2 dart slugs
  4 ball pythons (D:1)
  11 bats
  3 endoplasms (D:1)
  4 giant cockroaches
  2 hobgoblins (D:1)
  10 jackals (D:1)
  3 kobolds
  A quokka (D:2)
  A frilled lizard (D:1)
  6 goblins
  2 rats
56 creatures vanquished.

Notes
Turn   | Place    | Note
-------+----------+-------------------------------------------
     0 | D:1      | deadmanwalking the Djinni Gladiator began the quest for the
                  | Orb.
     0 | D:1      | Reached XP level 1. HP: 18/18 MP: 0/0
   187 | D:1      | Reached skill level 3 in Staves
   189 | D:1      | Reached XP level 2. HP: 21/23 MP: 0/0
   324 | D:1      | Reached XP level 3. HP: 28/28 MP: 0/0
   324 | D:1      | Learned a level 1 spell: Freeze
  1304 | D:1      | Reached skill level 4 in Staves
  1416 | D:2      | Noticed Natasha
  1418 | D:2      | Reached XP level 4. HP: 33/33 MP: 0/0
  1431 | D:2      | Killed Natasha
  1432 | D:2      | Reached skill level 1 in Spellcasting
  1631 | D:2      | Noticed Natasha
  1643 | D:2      | Killed Natasha
  1644 | D:2      | Reached XP level 5. HP: 23/38 MP: 0/0
  1644 | D:2      | Learned a level 2 spell: Blink
  1670 | D:2      | Noticed Natasha
  1683 | D:2      | Killed Natasha
  2242 | D:2      | Found a faded altar of an unknown god.
  2256 | D:2      | Became a worshipper of Dithmenos the Shadowed
  2256 | D:2      | Reached * piety under Dithmenos
  2461 | D:2      | Mangled by a gnoll

Illustrated notes

Levels and vault maps discovered:
D:1:      mrwooster_arrival_statue_3, layout_basic, serial_forest,
          infiniplex_forest_straight_3, infiniplex_forest_lined_3,
          infiniplex_forest_clump_long, infiniplex_forest_fountain,
          infiniplex_forest_clump_C, infiniplex_forest_straight_4,
          infiniplex_forest_lined_3, grunt_decor_junction, serial_park_tiny_2,
          chequers_serial_rivers_room_a, minmay_strange_pillars,
          columned_hall_lemuel, hangedman_glass_teeth
D:2:      layout_basic, shapermc_ecumenical_altar_starsandcircs, fountainhead,
          uniq_natasha

Skill      XL: |  1  2  3  4 |
---------------+-------------+-----
Staves         | 3 4 |  4.9
Spellcasting   | 1 |  1.6
Fighting       | |  2.0
Throwing       | |  1.5
Dodging        | |  3.2
Invocations    | |  0.1

Action                   |  1- 3 |  4- 6 || total
-------------------------+-------+-------++-------
Melee: Quarterstaff      |    93 |    77 ||   170
  Use: Scroll            |       |     2 ||     2
Armor: Leather armour    |    35 |    30 ||    65
Dodge: Dodged            |    66 |    71 ||   137

Table legend: (Time is in decaauts)
 A = Elapsed time spent in this place.
 B = Non-inter-level travel time spent in this place.
 C = Inter-level travel time spent in this place.
 D = Time resting spent in this place.
 E = Time spent auto-exploring this place.
 F = Levels seen in this place.
 G = Mean time per level.
                   A        B        C        D        E       F      G
               +--------+--------+--------+--------+--------+-----+--------+
         Total |   2479 |   2432 |     47 |      0 |   1993 |   2 | 1239.5 |
       Dungeon |   2479 |   2432 |     47 |      0 |   1993 |   2 | 1239.5 |
               +--------+--------+--------+--------+--------+-----+--------+

Top non-repeatable levels by time:
     D:1: 1602 daAuts
     D:2: 877 daAuts
